3182 views
Uploaded 2020-05-22 08:05:47
Game version 1.32.4 / 1.32.5
20:19 long 2on2 ladder game on (4)HillsbradCreek
Saved by Redwood
3182 views
Uploaded 2020-05-22 08:05:47
Game version 1.32.4 / 1.32.5
20:19 long 2on2 ladder game on (4)HillsbradCreek


97 units @ 13.9k
/ 1.8k
50 buildings @ 5.6k
/ 2.3k


| Healing Salve | 5 | 500 |
| Potion of Mana | 3 | 600 |
| Lesser Clarity Potion | 6 | 420 |
| Potion of Healing | 2 | 300 |
| Scroll of Town Portal | 3 | 1050 |
| Potion of Lesser Invulnerability | 2 | 300 |
| total: | 21 | 3170g |
| Peon | 19 | 1425 | / | 0 |
| Grunt | 1 | 200 | / | 0 |
| Troll Headhunter | 16 | 2240 | / | 320 |
| Spirit Walker | 5 | 975 | / | 175 |
| Shaman | 5 | 650 | / | 100 |
| Troll Witch Doctor | 3 | 435 | / | 75 |
| Troll Berserker | 6 | 840 | / | 120 |
| Goblin Shredder | 2 | 750 | / | 200 |
| total: | 57 | 7515g | / | 990w |
| Altar of Storms | 1 | 180 | / | 50 |
| Orc Burrow | 7 | 1120 | / | 280 |
| Barracks | 2 | 360 | / | 100 |
| War Mill | 1 | 205 | / | 0 |
| Voodoo Lounge | 1 | 130 | / | 30 |
| Great Hall | 1 | 385 | / | 185 |
| Tauren Totem | 1 | 135 | / | 155 |
| Spirit Lodge | 2 | 300 | / | 300 |
| Stronghold | 2 | 630 | / | 380 |
| Fortress | 2 | 650 | / | 380 |
| total: | 16 | 2815g | / | 1100w |
| 0:02 | Peon |
| 0:02 | Peon |
| 0:05 | Altar of Storms |
| 0:18 | Orc Burrow |
| 0:27 | Peon |
| 0:33 | Barracks |
| 0:41 | Peon |
| 0:41 | Peon |
| 0:55 | Peon |
| 0:55 | Peon |
| 1:12 | War Mill |
| 1:34 | Grunt |
| 1:50 | Orc Burrow |
| 2:02 | Voodoo Lounge |
| 2:12 | War Stomp |
| 2:26 | Troll Headhunter |
| 2:38 | Troll Headhunter |
| 2:46 | Peon |
| 2:57 | Troll Headhunter |
| 3:01 | Peon |
| 3:12 | Backpack |
| 3:20 | Troll Headhunter |
| 3:20 | Troll Headhunter |
| 3:31 | Orc Burrow |
| 3:38 | Endurance Aura |
| 3:49 | Healing Salve |
| 3:53 | Troll Headhunter |
| 4:36 | Stronghold |
| 5:00 | Great Hall |
| 5:13 | Healing Salve |
| 5:21 | Troll Headhunter |
| 5:21 | Troll Headhunter |
| 5:48 | War Stomp |
| 5:50 | Troll Headhunter |
| 6:03 | Orc Burrow |
| 6:19 | Troll Headhunter |
| 6:35 | Troll Headhunter |
| 7:06 | Troll Regeneration |
| 7:11 | Endurance Aura |
| 7:14 | Steel Ranged Weapons |
| 7:43 | Peon |
| 7:43 | Peon |
| 7:43 | Peon |
| 7:57 | Troll Headhunter |
| 8:03 | Potion of Mana |
| 8:03 | Potion of Mana |
| 8:07 | Hex |
| 8:55 | Peon |
| 8:56 | Fortress |
| 8:58 | Tauren Totem |
| 8:59 | Spirit Lodge |
| 9:07 | Troll Headhunter |
| 9:43 | Troll Headhunter |
| 9:43 | Troll Headhunter |
| 9:56 | Healing Salve |
| 9:56 | Healing Salve |
| 9:56 | Healing Salve |
| 9:56 | Lesser Clarity Potion |
| 9:57 | Lesser Clarity Potion |
| 9:57 | Lesser Clarity Potion |
| 10:03 | Potion of Healing |
| 10:10 | Orc Burrow |
| 10:14 | Peon |
| 10:14 | Peon |
| 10:17 | Spirit Walker |
| 10:17 | Spirit Walker |
| 10:21 | Shaman |
| 10:21 | Shaman |
| 10:43 | Spirit Lodge |
| 11:26 | Healing Wave |
| 11:28 | Shaman Adept Training |
| 11:35 | Troll Headhunter |
| 11:38 | Spirit Walker |
| 11:38 | Spirit Walker Adept Training |
| 11:47 | Lesser Clarity Potion |
| 11:48 | Scroll of Town Portal |
| 11:51 | Potion of Healing |
| 11:55 | Berserker Upgrade |
| 12:14 | Potion of Lesser Invulnerability |
| 12:14 | Potion of Lesser Invulnerability |
| 12:20 | Troll Witch Doctor |
| 12:31 | Shaman Master Training |
| 12:33 | Peon |
| 12:33 | Peon |
| 12:35 | Peon |
| 13:11 | Witch Doctor Adept Training |
| 13:14 | Reinforced Defenses |
| 13:50 | Troll Witch Doctor |
| 14:11 | Spirit Walker Master Training |
| 14:12 | Witch Doctor Master Training |
| 14:41 | War Stomp |
| 14:52 | Troll Witch Doctor |
| 14:54 | Peon |
| 14:59 | Scroll of Town Portal |
| 15:06 | Potion of Mana |
| 15:12 | Barracks |
| 15:14 | Thorium Ranged Weapons |
| 15:26 | Goblin Shredder |
| 15:26 | Goblin Shredder |
| 15:32 | Shaman |
| 15:54 | Orc Burrow |
| 16:01 | Orc Burrow |
| 17:18 | Healing Wave |
| 17:19 | Healing Wave |
| 17:42 | Troll Berserker |
| 17:42 | Troll Berserker |
| 17:43 | Troll Berserker |
| 17:46 | Hex |
| 18:13 | Lesser Clarity Potion |
| 18:13 | Lesser Clarity Potion |
| 18:22 | Reincarnation |
| 18:26 | Scroll of Town Portal |
| 18:28 | Shaman |
| 18:33 | Troll Berserker |
| 18:33 | Steel Armor |
| 18:34 | Arcanite Ranged Weapons |
| 18:35 | Spirit Walker |
| 18:35 | Spirit Walker |
| 18:48 | Troll Berserker |
| 19:09 | Shaman |
| 19:11 | Troll Berserker |
| Right click | 977 |
| Select group | 908 |
| Select | 836 |
| Assign group | 262 |
| Misc. action | 174 |
| Build/train/purchase | 171 |
| Use ability | 57 |
| Resource trade | 11 |
| Item give/drop | 3 |
| Minimap ping | 2 |
| Esc | 1 |

| Lesser Clarity Potion | 6 | 420 |
| Scroll of Regeneration | 9 | 900 |
| Potion of Healing | 1 | 150 |
| Orb of Fire | 1 | 325 |
| Potion of Mana | 1 | 200 |
| Scroll of Town Portal | 2 | 700 |
| total: | 20 | 2695g |
| Peasant | 15 | 1125 | / | 0 |
| Rifleman | 16 | 3280 | / | 480 |
| Dragonhawk Rider | 5 | 1000 | / | 150 |
| Gryphon Rider | 2 | 560 | / | 140 |
| Forest Troll Shadow Priest | 2 | 390 | / | 20 |
| total: | 40 | 6355g | / | 790w |
| Scout Tower | 14 | 420 | / | 280 |
| Arcane Tower | 3 | 210 | / | 150 |
| Guard Tower | 5 | 350 | / | 250 |
| Altar of Kings | 1 | 180 | / | 50 |
| Farm | 12 | 960 | / | 240 |
| Blacksmith | 1 | 140 | / | 60 |
| Barracks | 1 | 160 | / | 60 |
| Arcane Vault | 1 | 130 | / | 30 |
| Lumber Mill | 1 | 120 | / | 0 |
| Town Hall | 1 | 385 | / | 205 |
| Gryphon Aviary | 2 | 280 | / | 300 |
| Keep | 1 | 320 | / | 210 |
| Castle | 2 | 720 | / | 420 |
| total: | 34 | 2775g | / | 1225w |
| 0:04 | Peasant |
| 0:04 | Peasant |
| 0:10 | Altar of Kings |
| 0:20 | Farm |
| 0:24 | Peasant |
| 0:34 | Peasant |
| 0:56 | Blacksmith |
| 1:00 | Peasant |
| 1:18 | Peasant |
| 1:20 | Barracks |
| 1:31 | Peasant |
| 1:36 | Farm |
| 1:44 | Peasant |
| 2:09 | Farm |
| 2:11 | Storm Bolt |
| 2:13 | Rifleman |
| 2:13 | Rifleman |
| 2:31 | Peasant |
| 2:47 | Rifleman |
| 2:56 | Arcane Vault |
| 3:11 | Scout Tower |
| 3:16 | Rifleman |
| 3:23 | Farm |
| 3:45 | Arcane Tower |
| 3:53 | Bash |
| 4:02 | Black Gunpowder |
| 4:05 | Rifleman |
| 4:06 | Lesser Clarity Potion |
| 4:07 | Scroll of Regeneration |
| 4:11 | Scroll of Regeneration |
| 4:15 | Scroll of Regeneration |
| 4:56 | Keep |
| 5:11 | Rifleman |
| 5:14 | Farm |
| 5:23 | Lumber Mill |
| 5:45 | Farm |
| 6:14 | Rifleman |
| 6:41 | Forest Troll Shadow Priest |
| 6:44 | Storm Bolt |
| 6:47 | Rifleman |
| 6:50 | Farm |
| 7:02 | Scout Tower |
| 7:05 | Scout Tower |
| 7:07 | Scroll of Regeneration |
| 7:08 | Lesser Clarity Potion |
| 7:11 | Lesser Clarity Potion |
| 7:14 | Scroll of Regeneration |
| 7:23 | Defend |
| 7:24 | Long Rifles |
| 7:39 | Guard Tower |
| 7:41 | Peasant |
| 7:41 | Peasant |
| 7:56 | Bash |
| 8:18 | Scout Tower |
| 8:24 | Town Hall |
| 8:38 | Refined Gunpowder |
| 8:48 | Scout Tower |
| 8:51 | Guard Tower |
| 9:19 | Rifleman |
| 9:41 | Guard Tower |
| 10:18 | Rifleman |
| 10:27 | Peasant |
| 10:32 | Rifleman |
| 10:35 | Gryphon Aviary |
| 10:38 | Gryphon Aviary |
| 10:41 | Scroll of Regeneration |
| 10:44 | Lesser Clarity Potion |
| 10:57 | Scroll of Town Portal |
| 11:03 | Potion of Healing |
| 11:11 | Peasant |
| 11:11 | Peasant |
| 11:14 | Farm |
| 11:18 | Farm |
| 11:20 | Farm |
| 11:36 | Peasant |
| 11:48 | Castle |
| 11:53 | Storm Bolt |
| 11:59 | Forest Troll Shadow Priest |
| 12:16 | Studded Leather Armor |
| 13:05 | Rifleman |
| 13:08 | Farm |
| 13:09 | Farm |
| 13:11 | Scout Tower |
| 13:23 | Scroll of Regeneration |
| 13:26 | Lesser Clarity Potion |
| 13:35 | Rifleman |
| 13:37 | Reinforced Leather Armor |
| 13:37 | Dragonhide Armor |
| 13:41 | Arcane Tower |
| 13:44 | Scout Tower |
| 14:32 | Rifleman |
| 14:40 | Dragonhawk Rider |
| 14:44 | Animal War Training |
| 14:48 | Rifleman |
| 14:58 | Guard Tower |
| 15:03 | Improved Masonry |
| 15:07 | Dragonhawk Rider |
| 15:11 | Scroll of Regeneration |
| 15:23 | Orb of Fire |
| 15:31 | Imbued Gunpowder |
| 15:39 | Cloud |
| 16:04 | Scout Tower |
| 16:05 | Scout Tower |
| 16:06 | Scout Tower |
| 16:07 | Scout Tower |
| 16:07 | Scout Tower |
| 16:07 | Scout Tower |
| 16:07 | Scout Tower |
| 16:23 | Gryphon Rider |
| 17:16 | Dragonhawk Rider |
| 17:30 | Avatar |
| 17:50 | Gryphon Rider |
| 17:51 | Storm Hammers |
| 18:14 | Rifleman |
| 18:16 | Bash |
| 18:26 | Lesser Clarity Potion |
| 18:28 | Potion of Mana |
| 18:31 | Scroll of Town Portal |
| 18:37 | Scroll of Regeneration |
| 18:49 | Dragonhawk Rider |
| 19:47 | Dragonhawk Rider |
| Select group | 478 |
| Right click | 440 |
| Select | 347 |
| Build/train/purchase | 132 |
| Misc. action | 112 |
| Assign group | 39 |
| Use ability | 37 |
| Item give/drop | 6 |
| Minimap ping | 4 |
| Esc | 3 |
84 units @ 16.9k
/ 3.4k
36 buildings @ 5.7k
/ 2.5k



x1)
| Rod of Necromancy | 4 | 600 |
| Sacrificial Skull | 1 | 50 |
| Potion of Mana | 1 | 200 |
| Potion of Healing | 1 | 150 |
| Orb of Corruption | 1 | 375 |
| Scroll of Town Portal | 2 | 700 |
| Scroll of Healing | 1 | 250 |
| Tome of Retraining | 1 | 300 |
| total: | 12 | 2625g |
| Acolyte | 13 | 975 | / | 0 |
| Ghoul | 10 | 1200 | / | 0 |
| Crypt Fiend | 10 | 2150 | / | 400 |
| Frost Wyrm | 9 | 3465 | / | 1080 |
| Goblin Shredder | 1 | 375 | / | 100 |
| Ogre Mauler | 1 | 300 | / | 0 |
| Forest Troll Berserker | 1 | 245 | / | 30 |
| total: | 45 | 8710g | / | 1610w |
| Spirit Tower | 3 | 435 | / | 120 |
| Nerubian Tower | 1 | 100 | / | 20 |
| Crypt | 1 | 200 | / | 50 |
| Graveyard | 1 | 215 | / | 0 |
| Altar of Darkness | 1 | 180 | / | 50 |
| Ziggurat | 10 | 1500 | / | 500 |
| Tomb of Relics | 2 | 260 | / | 60 |
| Necropolis | 1 | 225 | / | 0 |
| Slaughterhouse | 1 | 140 | / | 135 |
| Sacrificial Pit | 1 | 75 | / | 150 |
| Boneyard | 2 | 350 | / | 400 |
| Halls of the Dead | 1 | 320 | / | 210 |
| Black Citadel | 1 | 325 | / | 230 |
| total: | 20 | 3145g | / | 1345w |
| 0:02 | Acolyte |
| 0:06 | Crypt |
| 0:09 | Graveyard |
| 0:17 | Acolyte |
| 0:17 | Acolyte |
| 0:46 | Altar of Darkness |
| 0:57 | Ziggurat |
| 0:58 | Ziggurat |
| 1:07 | Ghoul |
| 1:08 | Ghoul |
| 1:31 | Tomb of Relics |
| 1:49 | Ghoul |
| 1:51 | Ghoul |
| 1:57 | Ziggurat |
| 2:08 | Ghoul |
| 2:28 | Ghoul |
| 2:45 | Sleep |
| 2:47 | Rod of Necromancy |
| 2:47 | Sacrificial Skull |
| 2:52 | Ghoul |
| 2:56 | Acolyte |
| 3:13 | Ghoul |
| 3:28 | Ziggurat |
| 3:51 | Acolyte |
| 3:58 | Vampiric Aura |
| 4:06 | Ziggurat |
| 4:17 | Acolyte |
| 4:20 | Spirit Tower |
| 4:22 | Acolyte |
| 4:22 | Acolyte |
| 4:38 | Ziggurat |
| 4:40 | Ziggurat |
| 5:11 | Acolyte |
| 5:14 | Acolyte |
| 5:15 | Nerubian Tower |
| 5:18 | Sleep |
| 5:26 | Ghoul |
| 5:36 | Spirit Tower |
| 5:43 | Rod of Necromancy |
| 5:55 | Halls of the Dead |
| 6:17 | Goblin Shredder |
| 6:57 | Ghoul |
| 7:12 | Crypt Fiend |
| 7:33 | Ziggurat |
| 7:34 | Unholy Strength |
| 7:42 | Crypt Fiend |
| 7:43 | Creature Attack |
| 8:02 | Necropolis |
| 8:05 | Ziggurat |
| 8:11 | Crypt Fiend |
| 8:16 | Slaughterhouse |
| 8:19 | Sacrificial Pit |
| 8:20 | Acolyte |
| 8:20 | Acolyte |
| 8:31 | Ogre Mauler |
| 8:32 | Forest Troll Berserker |
| 8:36 | Crypt Fiend |
| 8:48 | Crypt Fiend |
| 8:57 | Crypt Fiend |
| 9:36 | Vampiric Aura |
| 9:41 | Rod of Necromancy |
| 9:42 | Scroll of Town Portal |
| 9:44 | Potion of Mana |
| 9:45 | Black Citadel |
| 9:51 | Potion of Healing |
| 10:01 | Improved Creature Attack |
| 10:27 | Crypt Fiend |
| 10:35 | Tomb of Relics |
| 11:17 | Crypt Fiend |
| 11:29 | Crypt Fiend |
| 11:36 | Spirit Tower |
| 11:38 | Creature Carapace |
| 11:58 | Crypt Fiend |
| 12:08 | Boneyard |
| 12:09 | Boneyard |
| 12:13 | Burrow |
| 12:32 | Rod of Necromancy |
| 12:33 | Orb of Corruption |
| 12:33 | Scroll of Healing |
| 12:37 | Web |
| 12:58 | Frost Nova |
| 13:05 | Improved Creature Carapace |
| 14:00 | Frost Wyrm |
| 14:06 | Tome of Retraining |
| 14:06 | Retrain Hero |
| 14:07 | Carrion Swarm |
| 14:07 | Carrion Swarm |
| 14:08 | Vampiric Aura |
| 14:08 | Vampiric Aura |
| 14:20 | Frost Wyrm |
| 14:45 | Frost Wyrm |
| 14:57 | Scroll of Town Portal |
| 15:00 | Death Coil |
| 15:06 | Advanced Creature Attack |
| 15:16 | Ziggurat |
| 15:52 | Frost Wyrm |
| 16:02 | Dark Ritual |
| 16:35 | Frost Wyrm |
| 16:35 | Frost Wyrm |
| 17:21 | Unholy Aura |
| 17:44 | Frost Nova |
| 18:01 | Death Coil |
| 18:12 | Acolyte |
| 18:14 | Frost Wyrm |
| 18:47 | Frost Wyrm |
| 19:19 | Advanced Creature Carapace |
| 19:46 | Carrion Swarm |
| 20:06 | Dark Ritual |
| 20:12 | Frost Wyrm |
| Select group | 1868 |
| Right click | 621 |
| Select | 402 |
| Misc. action | 134 |
| Build/train/purchase | 127 |
| Assign group | 63 |
| Chat | 48 |
| Use ability | 44 |
| Resource trade | 5 |
| Item give/drop | 4 |
| Esc | 2 |
| Minimap ping | 2 |
| Remove unit | 1 |

| Rod of Necromancy | 2 | 300 |
| Sacrificial Skull | 2 | 100 |
| Potion of Healing | 3 | 450 |
| Potion of Mana | 1 | 200 |
| Orb of Corruption | 1 | 375 |
| Scroll of Town Portal | 6 | 2100 |
| Scroll of Healing | 1 | 250 |
| Potion of Lesser Invulnerability | 2 | 300 |
| Scroll of Protection | 1 | 150 |
| total: | 19 | 4225g |
| Acolyte | 9 | 675 | / | 0 |
| Ghoul | 5 | 600 | / | 0 |
| Crypt Fiend | 10 | 2150 | / | 400 |
| Obsidian Statue | 3 | 600 | / | 105 |
| Abomination | 3 | 720 | / | 210 |
| Frost Wyrm | 9 | 3465 | / | 1080 |
| total: | 39 | 8210g | / | 1795w |
| Nerubian Tower | 1 | 100 | / | 20 |
| Spirit Tower | 2 | 290 | / | 80 |
| Crypt | 1 | 200 | / | 50 |
| Graveyard | 1 | 215 | / | 0 |
| Altar of Darkness | 1 | 180 | / | 50 |
| Ziggurat | 6 | 900 | / | 300 |
| Tomb of Relics | 2 | 260 | / | 60 |
| Necropolis | 1 | 225 | / | 0 |
| Slaughterhouse | 1 | 140 | / | 135 |
| Sacrificial Pit | 1 | 75 | / | 150 |
| Boneyard | 2 | 350 | / | 400 |
| Halls of the Dead | 1 | 320 | / | 210 |
| Black Citadel | 1 | 325 | / | 230 |
| total: | 16 | 2545g | / | 1145w |
| 0:04 | Acolyte |
| 0:10 | Crypt |
| 0:20 | Acolyte |
| 0:22 | Graveyard |
| 0:41 | Altar of Darkness |
| 0:59 | Ziggurat |
| 1:11 | Ghoul |
| 1:11 | Ghoul |
| 1:25 | Tomb of Relics |
| 1:51 | Crypt Fiend |
| 1:51 | Crypt Fiend |
| 2:11 | Ziggurat |
| 2:25 | Crypt Fiend |
| 2:25 | Crypt Fiend |
| 2:40 | Creature Attack |
| 2:48 | Carrion Beetles |
| 3:05 | Crypt Fiend |
| 3:18 | Rod of Necromancy |
| 3:19 | Rod of Necromancy |
| 3:29 | Sacrificial Skull |
| 3:31 | Sacrificial Skull |
| 3:48 | Crypt Fiend |
| 3:48 | Crypt Fiend |
| 4:03 | Acolyte |
| 4:29 | Spiked Carapace |
| 4:40 | Necropolis |
| 4:56 | Acolyte |
| 5:00 | Ghoul |
| 5:03 | Acolyte |
| 5:24 | Ziggurat |
| 5:32 | Carrion Beetles |
| 5:36 | Halls of the Dead |
| 5:53 | Creature Carapace |
| 6:12 | Acolyte |
| 6:14 | Acolyte |
| 6:14 | Ghoul |
| 6:33 | Ghoul |
| 6:34 | Acolyte |
| 6:36 | Nerubian Tower |
| 7:31 | Crypt Fiend |
| 7:35 | Spiked Carapace |
| 8:00 | Black Citadel |
| 8:02 | Slaughterhouse |
| 8:03 | Burrow |
| 8:05 | Improved Creature Attack |
| 8:17 | Ziggurat |
| 8:20 | Ziggurat |
| 8:25 | Ziggurat |
| 8:28 | Tomb of Relics |
| 9:33 | Obsidian Statue |
| 9:34 | Obsidian Statue |
| 9:34 | Crypt Fiend |
| 9:39 | Spirit Tower |
| 9:41 | Potion of Healing |
| 9:43 | Potion of Mana |
| 9:45 | Scroll of Town Portal |
| 9:48 | Potion of Healing |
| 9:56 | Acolyte |
| 10:34 | Potion of Healing |
| 10:37 | Scroll of Town Portal |
| 10:37 | Orb of Corruption |
| 11:06 | Sacrificial Pit |
| 11:09 | Crypt Fiend |
| 11:11 | Abomination |
| 11:34 | Improved Creature Carapace |
| 11:37 | Ghoul Frenzy |
| 11:47 | Scroll of Town Portal |
| 11:48 | Potion of Lesser Invulnerability |
| 11:59 | Boneyard |
| 12:02 | Boneyard |
| 12:42 | Carrion Beetles |
| 13:11 | Frost Wyrm |
| 13:14 | Frost Wyrm |
| 13:27 | Scroll of Town Portal |
| 13:35 | Advanced Creature Carapace |
| 14:23 | Frost Wyrm |
| 14:45 | Freezing Breath |
| 15:04 | Scroll of Town Portal |
| 15:23 | Advanced Creature Attack |
| 16:03 | Frost Wyrm |
| 16:05 | Obsidian Statue |
| 16:09 | Spirit Tower |
| 16:13 | Scroll of Town Portal |
| 16:38 | Frost Wyrm |
| 17:14 | Frost Wyrm |
| 17:34 | Abomination |
| 17:38 | Locust Swarm |
| 17:40 | Locust Swarm |
| 17:42 | Locust Swarm |
| 18:04 | Frost Wyrm |
| 19:04 | Potion of Lesser Invulnerability |
| 19:08 | Scroll of Healing |
| 19:16 | Abomination |
| 19:17 | Frost Wyrm |
| 19:47 | Frost Wyrm |
| 20:02 | Scroll of Protection |
| Select group | 575 |
| Right click | 408 |
| Select | 327 |
| Build/train/purchase | 132 |
| Assign group | 114 |
| Misc. action | 109 |
| Chat | 17 |
| Use ability | 11 |
| Resource trade | 7 |
| Item give/drop | 3 |
| Esc | 2 |
| Minimap ping | 1 |
⇛